 Dungeon Crawl Stone Soup version 0.31.0-11-ge490571c62 (webtiles) character file.

Game seed: 7107728402386951655

40 qw the Shooter (level 3, -3/22 HPs)
             Began as a Deep Elf Hunter on Feb 3, 2024.
             Slain by a gnoll
             ... wielding a +0 spear
              (4 damage)
             ... on level 2 of the Dungeon.
             The game lasted 00:00:04 (650 turns).

qw the Shooter (Deep Elf Hunter)                     Turns: 650, Time: 00:00:05

Health: -3/22      AC:  4    Str: 12    XL:     3   Next: 30%
Magic:  5/5        EV: 12    Int: 13    God:
Gold:   30         SH:  0    Dex: 18    Spells: 2/2 levels left

rFire   + . .        a - +0 shortbow
rCold   + . .        (shield currently unavailable)
rNeg    . . .        c - +0 leather armour
rPois   .            h - +0 hat of the Moon {rElec rF+ rCorr Str+2}
rElec   +            (no cloak)
rCorr   +            f - +0 pair of gloves
SInv    .            (no boots)
Will    .....        (no amulet)
Stlth   ++           d - ring of protection from cold
HPRegen 0.23/turn    (no ring)
MPRegen 0.09/turn

%: no passive effects
@: no status effects
A: horns 1, robust 1, noise suppression
a: no special abilities


You were on level 2 of the Dungeon.
You visited 1 branch of the dungeon, and saw 2 of its levels.

You collected 30 gold pieces.


Innate Abilities, Weirdness & Mutations

You have a pair of small horns on your head.
You are robust. (+10% HP)
You passively dampen the noise of your surroundings.


   Skills:
 - Level 1.5 Fighting
 + Level 6.9 Ranged Weapons
 - Level 2.4 Dodging
 - Level 1.2 Stealth


You had 2 spell levels left.
You didn't know any spells.
Your spell library was empty.

Inventory:

Hand Weapons
 a - a +0 shortbow (weapon)
Armour
 c - a +0 leather armour (worn)
 f - a +0 pair of gloves (worn)
 h - the +0 hat of the Moon (worn) {rElec rF+ rCorr Str+2}
   (You acquired it on level 1 of the Dungeon)

   Str+2:     It affects your strength (+2).
   rF+:       It protects you from fire.
   rElec:     It insulates you from electricity.
   rCorr:     It protects you from acid and corrosion.
 i - a +0 ring mail
Jewellery
 d - a ring of protection from cold (left hand)
Scrolls
 b - a scroll of blinking {unknown}
Potions
 e - a potion of resistance
 g - a potion of mutation

Dungeon Overview and Level Annotations

Branches:
Dungeon (2/15)

Altars:


Message History

A gnoll comes into view. It is wielding a +0 club.
You start to feel less resistant.
You see here 13 gold pieces.
You shoot an arrow. The arrow hits the gnoll!
The gnoll shouts!
The gnoll is severely wounded.
You hear a shout! x2
You shoot an arrow.
The arrow hits the gnoll but does no damage.
The gnoll is severely wounded.
You shoot an arrow. The arrow hits the gnoll.
The gnoll is severely wounded.
A gnoll comes into view. It is wielding a +0 whip.
The gnoll misses you.
A giant cockroach comes into view.
You shoot an arrow. The arrow barely misses the gnoll.
A gnoll comes into view. It is wielding a +0 spear.
The gnoll hits you with a +0 club.
A giant cockroach comes into view.
643 ||| RETREEEEATING.
Your resistance to elements expires.
You shoot an arrow. The arrow barely misses the gnoll. x2
645 ||| RETREEEEATING.
You shoot an arrow. The arrow completely misses the gnoll.
The gnoll hits you with a +0 club.
You shoot an arrow. The arrow hits the gnoll.
The gnoll is severely wounded.
The gnoll hits you with a +0 club!
You shoot an arrow. The arrow barely misses the gnoll.
The arrow hits the gnoll.
The gnoll is lightly wounded.
The gnoll barely misses you. The gnoll closely misses you.
You shoot an arrow.
The arrow hits the gnoll but does no damage.
The gnoll is severely wounded.
The gnoll hits you from afar with a +0 spear.
The gnoll hits you with a +0 club.
You shoot an arrow. The arrow hits the gnoll.
The gnoll is almost dead.
The gnoll hits you from afar with a +0 spear.
You die...

. # #. #.
##.###.###
..... ..# ...
#.#
#.##.########
#.....)..@gg#
#
#.%#.######g#
#.##.#..#.#
#.B....BB
#.........#
#####.###
#######.###
#..<....#
#.###.#.# #
#....# .....#


You could see 3 gnolls and a giant cockroach.

Vanquished Creatures
  An orc (D:2)
  2 ball pythons
  2 endoplasms (D:1)
  4 giant cockroaches (D:1)
  5 goblins (D:1)
  3 hobgoblins (D:1)
  3 jackals (D:1)
  2 quokkas (D:1)
  3 bats (D:1)
  2 frilled lizards (D:1)
  3 kobolds (D:1)
  3 rats (D:1)
33 creatures vanquished.

Notes
Turn   | Place    | Note
-------+----------+-------------------------------------------
     0 | D:1      | qw the Deep Elf Hunter began the quest for the Orb.
     0 | D:1      | Reached XP level 1. HP: 12/12 MP: 3/3
     0 | D:1      | 0 ||| qw: Version: 0.3-a-158-g18b3111
     0 | D:1      | 0 ||| qw: Game counter: 4141
     0 | D:1      | 0 ||| qw: Melee chars always use a shield: true
     0 | D:1      | 0 ||| qw: God list: Okawaru
     0 | D:1      | 0 ||| qw: Allow faded altars: false
     0 | D:1      | 0 ||| qw: Do Orc after clearing Dungeon:15 true
     0 | D:1      | 0 ||| qw: Do second Lair branch before Depths: true
     0 | D:1      | 0 ||| qw: Lair rune preference: random
     0 | D:1      | 0 ||| qw: Goals: Normal
     0 | D:1      | 0 ||| PLANNING D:1-11
   122 | D:1      | Reached XP level 2. HP: 16/16 MP: 4/4
   125 | D:1      | Reached skill level 6 in Ranged Weapons
   329 | D:1      | Reached XP level 3. HP: 15/20 MP: 5/5
   350 | D:1      | Found a faded altar of an unknown god.
   574 | D:1      | 574 ||| UPGRADING to +0 pair of gloves.
   579 | D:1      | 579 ||| UPGRADING to ring of protection from cold.
   580 | D:1      | 580 ||| READING scroll labelled PAEDEO AGANWASM.
   583 | D:1      | 583 ||| READING scroll labelled QIENULETTI.
   583 | D:1      | Identified a scroll of acquirement
   583 | D:1      | 583 ||| ACQUIRING +0 hat of the Moon {rElec rF+ rCorr
                  | Str+2}
   583 | D:1      | Acquired the +0 hat of the Moon {rElec rF+ rCorr Str+2}
   585 | D:1      | 585 ||| UPGRADING to +0 hat of the Moon {rElec rF+ rCorr
                  | Str+2}.
   590 | D:1      | 590 ||| READING scroll labelled JOTEOCS YXZA.
   591 | D:1      | 591 ||| READING scroll labelled WIOCOM RURUW.
   592 | D:1      | 592 ||| DRINKING 2 orange potions.
   593 | D:1      | 593 ||| DRINKING 2 yellow potions.
   593 | D:1      | Gained mutation: You passively dampen the noise of your
                  | surroundings. [potion of mutation]
   593 | D:1      | Gained mutation: You are robust. (+10% HP) [potion of
                  | mutation]
   593 | D:1      | Gained mutation: You have a pair of small horns on your
                  | head. [potion of mutation]
   601 | D:1      | 601 ||| DROPPING scroll of butterflies.
   643 | D:2      | 643 ||| RETREEEEATING.
   645 | D:2      | 645 ||| RETREEEEATING.
   649 | D:2      | HP: 2/22 [gnoll/+0 spear (6)]
   650 | D:2      | Slain by a gnoll

Levels and vault maps discovered:
D:1:      roderic_crop_circles_arrival_small, layout_basic,
          hellmonk_ecumenical_altar_dog_temple, minmay_worlds_worst_comb
D:2:      layout_loops_cross, basic_altar

Skill      XL: |  1  2 |
---------------+-------+-----
Ranged Weapons | 6 |  6.9
Fighting       | |  1.5
Dodging        | |  2.4
Stealth        | |  1.2

Action                     || total
---------------------------++-------
   Fire: Shortbow          ||   103
    Use: Scroll            ||     4
         Potion            ||     2
 Armour: Leather armour    ||    20
  Dodge: Dodged            ||    25

Table legend:
 A = Non-vault XP
 B = Vault XP
 C = Vault XP percentage of total XP
 D = Non-vault monster count
 E = Vault monster count
 F = Vault count percentage of total count
                 A         B        C        D         E       F
            +---------+---------+-------+---------+---------+-------
      Total |      46 |      12 |  20.7 |      27 |       6 |  18.2
            +---------+---------+-------+---------+---------+-------
        D:1 |      41 |      12 |  22.6 |      25 |       6 |  19.4
        D:2 |       5 |       0 |   0.0 |       2 |       0 |   0.0
            +---------+---------+-------+---------+---------+-------
